 Dungeon Crawl Stone Soup version 0.29-a0-824-gd827844252 (webtiles) character file.

Game seed: 9196584585386237749

123 buhh the Ruffian (level 4, 0/37 HPs)
             Began as a Draconian Transmuter on July 10, 2022.
             Slain by an iguana (8 damage)
             ... on level 4 of the Dungeon.
             The game lasted 00:02:26 (1399 turns).

buhh the Ruffian (Draconian Transmuter)             Turns: 1399, Time: 00:02:27

Health: 0/37       AC:  5    Str: 12    XL:     4   Next: 79%
Magic:  6/7        EV: 12    Int: 16    God:
Gold:   136        SH:  0    Dex: 11    Spells: 4/7 levels left

rFire   . . .      SeeInvis .     - Unarmed
rCold   . . .      Faith    .   (no shield)
rNeg    . . .      Spirit   .   (body armour unavailable)
rPois   .          Reflect  .   (helmet currently unavailable)
rElec   .          Harm     .   (no cloak)
rCorr   .          Rampage  .   (no gloves)
Will    .....                   (boots currently unavailable)
Stlth   ++........              (no amulet)
HPRegen 0.12/turn               (no ring)
MPRegen 0.10/turn               (no ring)

@: appendages
A: horns 2, talons 2, AC +5, unfitting armour, cold-blooded
a: End Transformation


You were on level 4 of the Dungeon.
You had temporarily grown beastly horns and talons.
You visited 1 branch of the dungeon, and saw 3 of its levels.

You collected 136 gold pieces.

Inventory:

Missiles
 b - 5 curare-tipped darts
Jewellery
 j - a +6 ring of intelligence
Wands
 A - a wand of digging (4)
Scrolls
 d - a scroll of poison {unknown}
 f - a scroll of teleportation {unknown}
 g - 3 scrolls of enchant weapon {unknown}
 h - a scroll of noise {unknown}
Potions
 c - a potion of degeneration {unknown}
 t - 2 potions of brilliance {!d}
 v - a potion of curing {!d}


   Skills:
 + Level 2.6 Fighting
 + Level 2.6 Dodging
 - Level 2.0 Stealth
 + Level 3.7 Unarmed Combat
 - Level 2.0 Spellcasting
 - Level 2.1 Transmutations


You had 4 spell levels left.
You knew the following spells:

 Your Spells              Type           Power      Damage    Failure   Level
a - Beastly Appendage     Tmut           16%        N/A       9%          1
b - Wereblood             Tmut           8%         N/A       13%         2

Your spell library contained the following spells:

 Spells                   Type           Power      Damage    Failure   Level
 Scorch                   Fire           2%         2d5       30%         2
 Spider Form              Tmut/Pois      5%         N/A       38%         3
 Ignite Poison            Fire/Tmut/Pois 3%         N/A       43%         3
 Dazzling Flash           Conj/Hex       2%         N/A       52%         3
 Mephitic Cloud           Conj/Pois/Air  1%         N/A       52%         3
 Ice Form                 Ice/Tmut       5%         N/A       80%         4
 Flame Wave               Conj/Fire      1%         2d4       90%         4
 Iskenderun's Mystic Bla  Conj/Tloc      1%         2d3       90%         4
 Freezing Cloud           Conj/Ice/Air   0%         6-21      99%         5
 Starburst                Conj/Fire      0%         6d3       100%        6
 Summon Cactus Giant      Summ           0%         N/A       100%        6


Dungeon Overview and Level Annotations

Branches:
Dungeon (4/15) Zot: 16609
 Temple: D:4-7

Altars:
Zin

Portals:
Sewer: D:4


Innate Abilities, Weirdness & Mutations

You have temporarily grown beastly horns and talons.
Your plain brown scales are hard. (AC +5)
You cannot fit into any form of body armour.
You are cold-blooded and may be slowed by cold attacks.


Message History

A worm comes into view.
Found a glowing drain.
Your horns disappear.
Your talons disappear.
You enter the shallow water.
Moving in this stuff is going to be slow.
An iguana comes into view.
You hit the worm.
The worm is moderately wounded.
The iguana hisses angrily.
You hit the worm.
The worm is moderately wounded.
You hit the worm.
The worm is severely wounded.
The worm barely misses you.
You hit the worm.
The worm is almost dead.
You barely miss the worm.
The worm is almost dead.
The worm completely misses you.
Your unstable footing causes you to fumble your attack.
Your unstable footing causes you to fumble your attack.
The worm barely misses you.
You hit the worm.
You kill the worm!
You hit the iguana but do no damage. The iguana attacks as you move away!
The iguana closely misses you.
You hit the iguana but do no damage. The iguana bites you!
You closely miss the iguana. The iguana bites you.
You hit the iguana but do no damage. The iguana bites you.
Casting: Beastly Appendage (safe; 9% risk of failure)
Press: ? - help, Q - select action, (/) - cycle Dir - look around, f - activate You grow a pair of large bovine horns.
Your feet morph into talons.
The iguana bites you!
* * * LOW HITPOINT WARNING * * *
You barely miss the iguana. The iguana bites you.
* * * LOW HITPOINT WARNING * * *
It was a potion of curing.
You feel better.
v - a potion of curing The iguana bites you!
You die...

##....#..#.....<.........#
#.......#.........#....##
....#.###........##...
...##### #.........###. ..
#..........##. .
#..........#.. .
###.............
...####...............
..!....@..≈.........
...##≈≈l≈≈##........
#≈≈†≈≈##....#...
.≈≈.....≈≈....#...
...≈≈.....≈≈......
...≈≈≈.∩..≈≈......
...≈≈.....≈≈...
...≈≈.....≈≈...
...##≈≈.≈≈##...


You could see an iguana.

Vanquished Creatures
  A hound (D:4)
  3 adders
  A worm (D:4)
  A dart slug (D:1)
  2 orcs (D:4)
  9 ball pythons
  3 endoplasms
  A giant cockroach (D:2)
  8 hobgoblins
  2 jackals (D:2)
  3 quokkas
  3 bats
  2 frilled lizards
  7 goblins
  3 kobolds
  7 rats
56 creatures vanquished.

Vanquished Creatures (others)
  2 plants (D:2)
2 creatures vanquished.

Grand Total: 58 creatures vanquished

Notes
Turn   | Place    | Note
-------+----------+-------------------------------------------
     0 | D:1      | buhh the Draconian Transmuter began the quest for the Orb.
     0 | D:1      | Reached XP level 1. HP: 16/16 MP: 3/3
   179 | D:1      | Found a faded altar of an unknown god.
   200 | D:1      | Reached XP level 2. HP: 21/23 MP: 3/5
   452 | D:1      | Learned a level 2 spell: Wereblood
   710 | D:2      | Reached skill level 1 in Stealth
   710 | D:2      | Reached XP level 3. HP: 26/29 MP: 6/6
  1149 | D:2      | Reached XP level 4. HP: 36/36 MP: 5/7
  1225 | D:2      | You fall into a shaft and drop 2 floors!
  1238 | D:4      | Found a glowing silver altar of Zin.
  1380 | D:4      | Found a glowing drain.
  1399 | D:4      | Slain by an iguana

Illustrated notes

Levels and vault maps discovered:
D:1:      dpeg_arrival_pits, layout_rooms,
          shapermc_ecumenical_altar_mp_ritualfount, minmay_heptomino_o4
D:2:      layout_basic, corner_web_ring, st_stairs_11, minmay_misc_feat_columns,
          minmay_shallow_snake_nest
D:4:      layout_cave_pools, mainiacjoe_overflow_surrounded_room,
          minmay_temple_entry_nine_rooms, cheibrodos_sewer_entry_sluice

Skill      XL: |  1  2  3  4 |
---------------+-------------+-----
Dodging        | 2 |  2.6
Stealth        | 1 2 |  2.0
Fighting       | 2 |  2.6
Unarmed Combat | |  3.7
Spellcasting   | |  2.0
Transmutations | |  2.1

Action                   |  1- 3 |  4- 6 || total
-------------------------+-------+-------++-------
Melee: Unarmed           |   116 |    46 ||   162
       Kick              |    19 |     4 ||    23
       Headbutt          |     7 |     1 ||     8
       Tailslap          |     8 |     9 ||    17
 Cast: Beastly Appendage |    15 |     8 ||    23
  Use: Potion            |     6 |     1 ||     7
 Stab: Sleeping          |     1 |     1 ||     2
Armor: Skin              |    32 |    12 ||    44
Dodge: Dodged            |    66 |    39 ||   105

Table legend: (Time is in decaauts)
 A = Elapsed time spent in this place.
 B = Non-inter-level travel time spent in this place.
 C = Inter-level travel time spent in this place.
 D = Time resting spent in this place.
 E = Time spent auto-exploring this place.
 F = Levels seen in this place.
 G = Mean time per level.
                   A        B        C        D        E       F      G
               +--------+--------+--------+--------+--------+-----+--------+
         Total |   1389 |   1373 |     16 |     42 |    939 |   3 |  463.0 |
       Dungeon |   1389 |   1373 |     16 |     42 |    939 |   3 |  463.0 |
               +--------+--------+--------+--------+--------+-----+--------+

Top non-repeatable levels by time:
     D:2: 615 daAuts
     D:1: 601 daAuts
     D:4: 172 daAuts
